 Dungeon Crawl Stone Soup version 0.31-a0-879-g1609e0ac53 (webtiles) character file.

Game seed: 18284176677926771563

2318918 Flugkiller the Spry (level 24, 237/237 HPs)
             Began as an Octopode Shapeshifter on Oct 15, 2023.
             Was the Champion of Wu Jian.
             Escaped with the Orb
             ... and 3 runes!
             The game lasted 01:04:17 (35206 turns).

Flugkiller the Spry (Octopode Shapeshifter)        Turns: 35206, Time: 01:04:17

Health: 237/237    AC: 37    Str: 23    XL:     24   Next: 16%
Magic:  23/23      EV: 44    Int: 24    God:    Wu Jian [******]
Gold:   2217       SH: 24    Dex: 42    Spells: 23/23 levels left

rFire   + + .        j - +8 quick blade (vamp)
rCold   + . .        k - +3 kite shield of the Sun {rF+ SInv}
rNeg    + + .        H - +2 hat
rPois   ∞            x - amulet of regeneration
rElec   +            W - ring "Difiu" {rF+ rCorr Int+6 Dex+6 Slay+3}
rCorr   +            u - +6 ring of dexterity
SInv    +            g - +6 ring of dexterity
Will    ++...        O - +6 ring of strength
Stlth   +            Y - ring of Muczeocsev {rElec rN+ rCorr Dex+5}
HPRegen 1.39/turn    V - ring of Uskayaw's Benevolence {Will+ Int+6 Slay+2 SInv Stlth-}
MPRegen 0.18/turn    p - ring of protection from cold
                     X - +4 ring of protection

%: no passive effects
@: statue-form, studying Staves, very slow
A: slow and powerful, torment resistance 1, boosted hp, almost no armour,
amphibious, 8 rings, camouflage 1, (gelatinous body 1), (nimble swimmer 1),
tentacles, clumsy 1, strong 1, inability to read after injury 1
0: Orb of Zot
}: 3/15 runes: decaying, serpentine, silver
a: Begin Untransformation, Renounce Religion, Wall Jump, Serpent's Lash,
Heavenly Storm


You escaped.
You worshipped Wu Jian.
Wu Jian was exalted by your worship.
You were a living statue of rough stone.
You visited 9 branches of the dungeon, and saw 45 of its levels.
You visited 1 bazaar.
You also visited: Gauntlet and Ice Cave.

You collected 5990 gold pieces.
You spent 3773 gold pieces at shops.

Inventory:

Hand Weapons
 j - a +8 vampiric quick blade (weapon)
   (You took it off an orc on level 4 of the Dungeon)
Missiles
 D - 2 throwing nets
 I - 6 curare-tipped darts (quivered)
Armour
 k - the +3 kite shield of the Sun (worn) {rF+ SInv}
   (You acquired it on level 2 of the Dungeon)

   rF+:       It protects you from fire.
   SInv:      It lets you see invisible.
 H - a +2 hat (worn)
   (You found it on level 1 of the Swamp)
Jewellery
 g - a +6 ring of dexterity (on tentacle)
   (You bought it in a shop in a bazaar)
 m - a ring of willpower
   (You found it on level 4 of the Swamp)
 p - a ring of protection from cold (on tentacle)
   (You found it on level 10 of the Dungeon)
 u - a +6 ring of dexterity (right tentacle)
   (You bought it in a shop in a bazaar)
 x - an amulet of regeneration (around mantle)
   (You took it off an orc priest on level 5 of the Dungeon)
 F - a +4 ring of protection
   (You found it on level 11 of the Dungeon)
 O - a +6 ring of strength (on tentacle)
   (You found it in a Gauntlet)
 V - the ring of Uskayaw's Benevolence (on tentacle) {Will+ Int+6 Slay+2 SInv Stlth-}
   (You bought it in a shop on level 2 of the Orcish Mines)

   [ring of intelligence]

   Int+6:     It affects your intelligence (+6).
   Slay+2:    It affects your accuracy & damage with ranged weapons and melee
   (+2).
   Will+:     It increases your willpower.
   SInv:      It lets you see invisible.
   Stlth-:    It makes you less stealthy.
 W - the ring "Difiu" (left tentacle) {rF+ rCorr Int+6 Dex+6 Slay+3}
   (You acquired it on level 2 of the Dungeon)

   [ring of dexterity]

   Int+6:     It affects your intelligence (+6).
   Dex+6:     It affects your dexterity (+6).
   Slay+3:    It affects your accuracy & damage with ranged weapons and melee
   (+3).
   rF+:       It protects you from fire.
   rCorr:     It protects you from acid and corrosion.
 X - a +4 ring of protection (on tentacle)
   (You found it on level 1 of the Swamp)
 Y - the ring of Muczeocsev (on tentacle) {rElec rN+ rCorr Dex+5}
   (You found it on level 1 of the Vaults)

   [ring of positive energy]

   Dex+5:     It affects your dexterity (+5).
   rElec:     It insulates you from electricity.
   rN+:       It protects you from negative energy.
   rCorr:     It protects you from acid and corrosion.
Talismans
 b - a beast talisman
 T - a granite talisman (active)
   (You found it on level 2 of the Lair of Beasts)
Wands
 o - a wand of quicksilver (17)
   (You found it on level 3 of the Snake Pit)
 y - a wand of charming (38)
   (You found it on level 6 of the Dungeon)
 A - a wand of digging (6)
   (You found it on level 2 of the Snake Pit)
 N - a wand of mindburst (15)
   (You found it on level 2 of the Swamp)
 R - a wand of iceblast (31)
   (You found it in a Gauntlet)
Scrolls
 c - 2 scrolls of revelation
 f - 12 scrolls of fog
 l - 6 scrolls of butterflies
 r - 13 scrolls of identify
 s - 4 scrolls of vulnerability
 t - 11 scrolls of teleportation
 z - 2 scrolls of blinking
 C - 9 scrolls of fear
 K - 6 scrolls of immolation
 U - 4 scrolls of poison
Potions
 d - 2 potions of might
 e - 5 potions of magic
 h - 6 potions of haste
 i - 4 potions of enlightenment
 n - 2 potions of resistance
 q - 18 potions of curing
 w - 6 potions of heal wounds
 B - a potion of ambrosia
 G - 6 potions of cancellation
 J - 4 potions of invisibility
 S - 6 potions of mutation
 Z - 4 potions of attraction
Miscellaneous
 a - a lightning rod (4/4)
   (You found it on level 9 of the Dungeon)
 E - a condenser vane
   (You found it on level 3 of the Snake Pit)
 P - a box of beasts
   (You found it in an ice cave)
 Q - a phial of floods
   (You found it in a Gauntlet)


   Skills:
 - Level 20.0 Fighting
 - Level 14.0 Short Blades
 - Level 20.0 Dodging
 + Level 19.5 Shields
 - Level 5.4 Unarmed Combat
 - Level 8.0 Evocations
 - Level 20.0 Shapeshifting


You had 23 spell levels left.
You didn't know any spells.
Your spell library contained the following spells:

 Spells                   Type           Power      Damage    Failure   Level
 Apportation              Tloc           0%         N/A       19%         1
 Freeze                   Ice            0%         1d3       19%         1
 Kiss of Death            Conj/Necr      0%         2d5       19%         1
 Magic Dart               Conj           0%         1d3       19%         1
 Necrotise                Necr           0%         1d4       19%         1
 Summon Small Mammal      Summ           0%         N/A       19%         1
 Blink                    Tloc           0%         N/A       28%         2
 Cigotuvi's Dreadful Rot  Necr/Pois/Air  0%         N/A       28%         2
 Ensorcelled Hibernation  Hex/Ice        0%         N/A       28%         2
 Jinxbite                 Hex            0%         N/A       28%         2
 Lesser Beckoning         Tloc           0%         N/A       28%         2
 Poisonous Vapours        Pois/Air       0%         N/A       28%         2
 Searing Ray              Conj           0%         2d4       28%         2
 Call Canine Familiar     Summ           0%         N/A       50%         3
 Dazzling Flash           Conj/Hex       0%         N/A       50%         3
 Frozen Ramparts          Ice            0%         1d1       50%         3
 Gell's Gravitas          Tloc           0%         N/A       50%         3
 Hailstorm                Conj/Ice       0%         3d3       50%         3
 Inner Flame              Hex/Fire       0%         N/A       50%         3
 Mephitic Cloud           Conj/Pois/Air  0%         N/A       50%         3
 Ozocubu's Armour         Ice            0%         N/A       50%         3
 Summon Guardian Golem    Hex/Summ       0%         N/A       50%         3
 Teleport Other           Tloc           0%         N/A       50%         3
 Vampiric Draining        Necr           0%         2d6       50%         3
 Anguish                  Hex/Necr       0%         N/A       88%         4
 Fulminant Prism          Conj/Hex       0%         3d5       88%         4
 Manifold Assault         Tloc           0%         N/A       88%         4
 Olgreb's Toxic Radiance  Pois           0%         N/A       88%         4
 Petrify                  Tmut/Erth      0%         N/A       88%         4
 Vhi's Electric Charge    Tloc/Air       0%         N/A       88%         4
 Agony                    Necr           0%         N/A       99%         5
 Alistair's Intoxication  Tmut/Pois      0%         N/A       99%         5
 Arcjolt                  Conj/Air       0%         1d10      99%         5
 Freezing Cloud           Conj/Ice/Air   0%         6-21      99%         5
 Irradiate                Conj/Tmut      0%         3d11      99%         5
 Silence                  Hex/Air        0%         N/A       99%         5
 Summon Forest            Summ/Tloc      0%         N/A       99%         5
 Summon Mana Viper        Hex/Summ       0%         N/A       99%         5
 Yara's Violent Unravell  Hex/Tmut       0%         3d3       99%         5
 Dispersal                Tloc           0%         N/A       100%        6
 Eringya's Noxious Bog    Tmut/Pois      0%         4d6       100%        6
 Plasma Beam              Fire/Air       0%         2x1d10    100%        6
 Simulacrum               Ice/Necr       0%         N/A       100%        6
 Summon Cactus Giant      Summ           0%         N/A       100%        6
 Enfeeble                 Hex            0%         N/A       100%        7
 Haunt                    Necr/Summ      0%         N/A       100%        7
 Orb of Destruction       Conj           0%         9d5       100%        7
 Ozocubu's Refrigeration  Ice            0%         4d7       100%        7
 Spellforged Servitor     Conj/Summ      0%         N/A       100%        7
 Discord                  Hex            0%         N/A       100%        8
 Disjunction              Tloc           0%         N/A       100%        8
 Ignition                 Fire           0%         3d3       100%        8
 Sublimation of Blood     Necr           Unusable   N/A       N/A         2

Dungeon Overview and Level Annotations

Branches:
Dungeon (15/15)            Temple (1/1) D:4            Lair (5/5) D:8
  Swamp (4/4) Lair:3        Snake (4/4) Lair:3        Slime (0/5) Lair:5
    Orc (2/2) D:11            Elf (0/3) Orc:2        Vaults (5/5) D:13
 Depths (4/4) D:15            Zot (5/5) Depths:4      IceCv (visited)
Gauntlet (visited)
  Crypt: Vaults:2-3

Altars:
Ashenzari
Cheibriados
Dithmenos
Elyvilon
Fedhas
Gozag
Hepliaklqana
Kikubaaqudgha
Makhleb
Nemelex Xobeh
Okawaru
Qazlal
Ru
Sif Muna
Trog
Uskayaw
Vehumet
Wu Jian
Xom
Yredelemnul
Zin
The Shining One

Shops:
D:4 ?(   D:5 ?   D:8 *((?   D:14 [   Orc:2 !*=?(*=[   Depths:2 *   Depths:3 *

Portals:
Hell: Depths:1 Depths:2 Depths:3
Abyss: Depths:1 Depths:2 Depths:3 Depths:4
Pandemonium: Depths:2 Depths:3
Bazaar: Depths:3

Annotations:
D:6 1 runed translucent door, Sigmund; Syrassil's ghost, novice DgGl
D:7 1 runed translucent door, Crazy Yiuf
D:10 1 runed translucent door
D:13 1 exclusion
D:15 Roxanne
Swamp:1 3 runed translucent doors, AppleFox63's ghost, adept DEAE; Ricegish's ghost, adept GnFi; Suryr's ghost, adept GnHW; Ywiyc's ghost, journeyman MeFi; Zenkrye's ghost, adept HOFi
Orc:2 3 runed translucent doors, AceOff's ghost, journeyman DsFi
Depths:3 5 transporters


Innate Abilities, Weirdness & Mutations

You are a living statue of rough stone.
Your actions are slow, but your melee attacks are powerful.
You are resistant to unholy torment.
Your maximum health is greatly increased.
You cannot wear most types of armour.
You are amphibious.
You can wear up to eight rings at the same time.
You are immune to poison.
Your skin changes colour to match your surroundings (Stealth+).
((Your rubbery body absorbs attacks. (AC +1, EV +1)))
((You are camouflaged when in or above water. (Stealth+)))
You have tentacles for arms and can constrict up to eight enemies at once.
You are clumsy. (Dex -2)
Your muscles are strong. (Str +4, Int/Dex -1)
You occasionally lose the ability to read scrolls when taking damage.


Message History

The bolt of lightning misses you. The Ice Fiend gestures at you.
The bolt of cold hits you! You resist.
There is a stone staircase leading up here.
Unknown command.
You climb upwards.
There is a stone staircase leading down here.
HP restored.
A chaos spawn opens the door.
Unknown command.
A Tzitzimitl comes into view.
The Tzitzimitl gestures at you. The bolt of negative energy misses you.
There is a stone staircase leading up here.
You climb upwards.
There is a stone staircase leading down here.
A cacodemon comes into view.
Your muscles tense, ready for explosive movement...
You lunge with incredible momentum at the cacodemon.
You impale the cacodemon!!
You tentacle-slap the cacodemon, but do no damage.
You puncture the cacodemon!
The cacodemon is moderately wounded.
Your supernatural speed expires.
You impale the cacodemon!! You squeeze the cacodemon! You hit the cacodemon.
You squeeze the cacodemon, but do no damage.
The cacodemon is almost dead.
The cacodemon completely misses you. You block the cacodemon's attack.
An orange demon comes into view.
You impale the cacodemon!!
You kill the cacodemon!
The Council accepts your kill. You block the orange demon's attack.
The orange demon completely misses you. You block the orange demon's attack.
You puncture the orange demon! Your grab misses the orange demon.
You squeeze the orange demon! You impale the orange demon!!
You kill the orange demon!
The Council accepts your kill.
No target in view!
There is a shaft here.
Dulet comes into view. It is armed with a flaming touch.
Dulet buzzes, "Thy lungs shall be my meal!"
Press: ? - help, v - describe, . - travel
Here: Dulet, armed with a flaming touch The floor.
A small abomination comes into view.
An ice devil comes into view.
You see here 5 stones.
You puncture Dulet! You squeeze Dulet. You closely miss Dulet.
Your tentacle-slap misses Dulet.
Dulet is lightly wounded.
Dulet gestures at you. The bolt of negative energy misses you.
You hit Dulet. You impale Dulet!!
Dulet is moderately wounded.
You impale Dulet!! Your squeeze misses Dulet. You closely miss Dulet.
You squeeze Dulet.
Dulet is moderately wounded.
You block Dulet's attack.
You barely miss Dulet. You squeeze Dulet!! You hit Dulet. You squeeze Dulet!!
Dulet is severely wounded.
You feel less exhausted. Dulet misses you.
You impale Dulet!! You squeeze Dulet! You puncture Dulet!
Dulet is almost dead.
Dulet gestures at you. The bolt of negative energy misses you.
You block the small abomination's attack.
You impale Dulet!!
Your tentacle-slap misses Dulet.
You puncture Dulet!
You kill Dulet!
The Council accepts your kill.
You block the small abomination's attack.
You hit the small abomination but do no damage.
Your squeeze misses the small abomination.
You puncture the small abomination! You squeeze the small abomination!
The small abomination is almost destroyed.
You impale the small abomination!!
You destroy the small abomination!
The Council accepts your kill.
You puncture the ice devil! Your grab misses the ice devil.
Your squeeze misses the ice devil. You puncture the ice devil!
You grab the ice devil.
You squeeze the ice devil, but do no damage.
The ice devil is heavily wounded.
You constrict the ice devil, but do no damage.
You block the ice devil's attack.
You impale the ice devil!! You hit the ice devil.
The ice devil is almost dead.
You constrict the ice devil. You block the ice devil's attack.
You hit the ice devil. You squeeze the ice devil.
You kill the ice devil!
The Council accepts your kill.
There is a stone staircase leading up here.
You climb upwards.
There is a stone staircase leading down here.
There is an open door here.
There is a staircase leading out of the dungeon here.
Unknown command.
Enter note: gg You have escaped!

....................# #.##.######
.##########...#####.###.##.##....
...........................##.###
..#################.###.#####.#
....................###.## #.#
#..####..................####.###
##.# #.#####.#####......##......
#.# #.#...#.#...#......##...)..
#.####.#.>.#.'.8.#.)....##......
#.#....#...#.#...#......##......
#...##.##'##.#####.#.#.###......
##..##...............#.# #......
##.#..#####.##'##.###.# #......
#....#...#.#...#.# #.# ###....
#..#.#...'.#...#.###.#########
#####...#...#.#...#..............
........#####.#####.#...#########


There were no monsters in sight!

Vanquished Creatures
  2 dread liches (Zot:5)
  4 orbs of fire (Zot:5)
  2 ancient liches (Vaults:1)
  Sojobo (Vaults:2)
  6 Killer Klowns (Zot:5)
  A curse toe (Zot:5)
  The ghost of Gaexku the Warrior, a veteran DrSh of Okawaru (Depths:3)
  3 pandemonium lords
  2 golden dragons
  Norris (Vaults:1)
  2 bone dragons
  A Brimstone Fiend (Depths:2)
  5 Tzitzimimeh
  2 electric golems (Zot:5)
  3 doom hounds (Depths:2)
  5 tentacled monstrosities
  28 Orb Guardians
  Jorgrun (Swamp:3)
  A Hell Sentinel (Depths:3)
  3 liches
  3 titans (Vaults:5)
  Grunn (Depths:2)
  2 sphinxes (Vaults:5)
  2 quicksilver dragons
  4 death cobs
  5 tengu reavers
  Aizul (Depths:2)
  4 shadow dragons
  2 thorn hunters (Swamp:4)
  The ghost of JaaP the Impaler, an adept MiFi of Hepliaklqana (Snake:3)
  3 storm dragons
  4 nagarajas
  A fenstrider witch (Swamp:3)
  7 frost giants
  3 draconian knights
  2 balrugs
  2 deep elf sorcerers (Vaults:5)
  9 fire giants
  8 vault wardens
  A ghost moth (Zot:2)
  2 iron dragons
  Louise (D:15)
  3 ghouls (Swamp:2)
  2 spriggan defenders (Depths:2)
  A draconian annihilator (Zot:5)
  3 draconian shifters (Zot:5)
  2 draconian stormcallers (Zot:5)
  11 ironbound preservers
  2 orc warlords
  A cacodemon (D:2)
  11 very ugly things
  A war gargoyle (Vaults:5)
  2 reapers
  The ghost of Ciotsan the Gelid, an adept FeIE of Vehumet (Vaults:1)
  2 deep elf demonologists
  6 eleionomae
  10 stone giants
  An ironbound thunderhulk (Vaults:4)
  A formless jellyfish (Vaults:2)
  A putrid mouth (Depths:2)
  Azrael (Snake:3)
  4 green draconians
  4 black draconians
  A yellow draconian (Zot:5)
  A lorocyproca (Depths:3)
  3 bunyips (Swamp:3)
  3 red draconians
  4 white draconians
  4 dire elephants
  A minotaur (Gauntlet)
  A deep elf death mage (Vaults:5)
  7 spark wasps
  A green death (D:10)
  A merfolk javelineer (Depths:1)
  2 shambling mangroves (Swamp:4)
  A blizzard demon (Depths:3)
  14 yaktaur captains
  9 ettins
  2 deep elf high priests
  5 fire dragons
  9 ice dragons
  3 ghost crabs
  6 great orbs of eyes
  A hell beast (Depths:3)
  20 hydras
  A catoblepas (Lair:5)
  2 salamander tyrants (Snake:4)
  5 rakshasas
  27 vault guards
  A sphinx zombie (D:15)
  2 spriggan air magi
  A caustic shrike simulacrum (Depths:1)
  An ogre mage (D:15)
  7 ironbound frosthearts
  11 centaur warriors
  6 alligators
  12 anacondas
  17 death yaks
  4 boulder beetles
  7 tengu warriors
  4 deep troll shamans
  23 naga warriors
  3 orc high priests (Orc:2)
  5 deep troll earth magi
  9 two-headed ogres
  10 naga sharpshooters
  A soul eater (Depths:3)
  14 shock serpents
  A dancing weapon (Snake:3)
  11 hell knights
  A skeletal warrior (D:15)
  5 spriggan berserkers
  A sun demon (Zot:1)
  4 iron trolls
  Lodul (D:14)
  A salamander mystic (Snake:4)
  6 skysharks
  5 goliath frogs
  A shadow demon (Depths:4)
  8 naga ritualists
  A spark wasp zombie (D:15)
  A sea snake (Snake:1)
  2 glowing orange brains
  4 wizards
  4 spriggan druids
  42 deep trolls
  A phantasmal warrior (Vaults:5)
  11 swamp dragons
  3 flayed ghosts
  10 ironbound convokers
  3 lindwurms
  3 bog bodies
  2 orange crystal statues
  5 harpies (Vaults:2)
  5 orc knights
  17 ugly things
  4 necromancers
  A deep elf pyromancer (D:14)
  A steelbarb worm (shapeshifter) (Vaults:5)
  A wolf spider (shapeshifter) (Vaults:2)
  2 manticores (D:14)
  2 frost giant zombies
  A worldbinder (Gauntlet)
  4 orc sorcerers
  A wolf spider (Vaults:5)
  13 mana vipers
  11 salamanders
  12 elephants
  8 will-o-the-wisps
  4 cyclopes
  Maurice (D:13)
  7 moths of wrath
  An ice statue (IceCv)
  24 black mambas
  A smoke demon (Depths:4)
  22 naga magi
  Joseph (D:8)
  10 guardian serpents
  6 vault sentinels
  An orange demon (D:2)
  A molten gargoyle (D:13)
  4 rust devils
  An apocalypse crab (Gauntlet)
  A gargoyle (D:14)
  10 cane toads
  A torpor snail (Lair:3)
  2 unseen horrors (D:12)
  7 rime drakes
  2 efreet
  A freezing wraith (Vaults:5)
  A hellion (Depths:1)
  3 ice devils
  8 komodo dragons
  27 yaktaurs
  A guardian mummy (D:15)
  A tormentor (Depths:2)
  3 hellwings
  2 polar bears (Lair:5)
  2 red devils (Depths:3)
  5 trolls
  18 hornets
  An ettin zombie (D:15)
  7 tyrant leeches
  20 blink frogs
  A spriggan zombie (Depths:1)
  6 slime creatures
  14 spriggans
  6 wyverns
  5 fire elementals (Snake:3)
  A dire elephant simulacrum (IceCv)
  2 water elementals (Depths:1)
  48 yaks
  6 basilisks
  13 vampire mosquitoes
  2 chaos spawn
  2 steam dragons
  2 harpy simulacra (IceCv)
  42 nagas
  2 hydra simulacra (IceCv)
  4 wargs
  The ghost of Syrassil the Ducker, an amateur TeSh (D:4)
  A human zombie (Depths:1)
  5 hell hounds
  9 swamp worms
  2 acid dragons (D:9)
  18 water moccasins
  14 swamp drakes
  A sky beast (D:8)
  30 orc warriors
  3 ice beasts
  5 black bears
  14 ogres
  3 boggarts (Gauntlet)
  30 wolves
  8 centaurs
  A small abomination (D:2)
  A phantom (D:5)
  5 bullfrogs
  2 necrophages (Swamp:2)
  A gnoll sergeant (D:10)
  5 kobold brigands
  3 scorpions
  3 two-headed ogre simulacra (IceCv)
  2 cane toad simulacra (IceCv)
  7 wights
  3 killer bees (D:10)
  3 electric eels (Snake:1)
  9 howler monkeys
  7 jellies
  4 hounds
  A gnoll bouda (D:8)
  16 orc priests
  3 iguanas
  2 sleepcaps
  Jessica (D:2)
  21 orc wizards
  4 polar bear simulacra (IceCv)
  4 hell rats (Lair:3)
  8 spriggan simulacra (IceCv)
  2 troll simulacra (IceCv)
  3 wolf simulacra (IceCv)
  12 gnolls
  8 adders
  4 naga simulacra (IceCv)
  7 white imps (IceCv)
  7 ufetubi
  A worm (D:4)
  A dart slug (D:2)
  58 orcs
  5 ball pythons
  5 endoplasms
  6 giant cockroaches
  2 goblins (D:4)
  3 hobgoblins
  2 jackals (D:2)
  4 quokkas
  3 bats
  2 frilled lizards
  A goblin zombie (D:10)
  28 kobolds
  7 rats
1498 creatures vanquished.

Vanquished Creatures (others)
  An ironbound preserver (Vaults:5)
  A wizard (Vaults:1)
  A spriggan zombie (Depths:1)
  28 foxfires
31 creatures vanquished.

Grand Total: 1529 creatures vanquished

Notes
Turn   | Place    | Note
-------+----------+-------------------------------------------
     0 | D:1      | Flugkiller the Octopode Shapeshifter began the quest for
                  | the Orb.
     0 | D:1      | Reached XP level 1. HP: 13/13 MP: 1/1
   346 | D:1      | Reached XP level 2. HP: 18/18 MP: 2/2
   983 | D:2      | Reached XP level 3. HP: 18/23 MP: 3/3
  1176 | D:2      | Noticed Jessica
  1181 | D:2      | Killed Jessica
  1182 | D:2      | Reached XP level 4. HP: 28/28 MP: 4/4
  1204 | D:2      | Reached skill level 5 in Unarmed Combat
  1300 | D:2      | Found an iron altar of Okawaru.
  1588 | D:2      | Found a faded altar of an unknown god.
  1903 | D:2      | Identified 3 scrolls of acquirement
  1903 | D:2      | Acquired 1088 gold pieces
  1905 | D:2      | Acquired the ring "Difiu" {rF+ rCorr Int+6 Dex+6 Slay+3}
  1907 | D:2      | Acquired the +3 kite shield of the Sun {rF+ SInv}
  2369 | D:3      | Found a hazy altar of Hepliaklqana.
  2480 | D:3      | Reached XP level 5. HP: 33/33 MP: 5/5
  2946 | D:4      | Found Wocza's Antique Weapon Shoppe.
  2963 | D:4      | Reached skill level 1 in Shields
  3081 | D:4      | Reached XP level 6. HP: 31/39 MP: 6/6
  3225 | D:4      | Found a runed translucent gate.
  3227 | D:4      | Found a runed translucent gate.
  3227 | D:4      | Found a runed translucent gate.
  3227 | D:4      | Noticed Syrassil's ghost (amateur TeSh)
  3229 | D:4      | Identified the +2 ring mail "Jilunis" {rPois Dex-5 SInv}
  3278 | D:4      | Found The Oracle's Delphic Readings.
  3295 | D:4      | Bought a scroll of revelation for 82 gold pieces
  3295 | D:4      | Bought a scroll of teleportation for 33 gold pieces
  3676 | D:4      | Found a staircase to the Ecumenical Temple.
  3700 | Temple   | Entered the Ecumenical Temple
  4825 | D:4      | Identified the +5 plate armour of the Orb Guardian
                  | {*Corrode rPois Str+3 Int+6}
  4979 | D:5      | Entered Level 5 of the Dungeon
  4985 | D:5      | Found Ucuczoff's Magic Scroll Shoppe.
  4994 | D:5      | Bought a scroll of fear for 48 gold pieces
  4994 | D:5      | Bought a scroll of identify for 24 gold pieces
  4994 | D:5      | Bought a scroll of identify for 24 gold pieces
  4994 | D:5      | Bought a scroll of butterflies for 48 gold pieces
  4994 | D:5      | Bought a scroll of teleportation for 36 gold pieces
  4994 | D:5      | Bought a scroll of teleportation for 36 gold pieces
  5020 | D:5      | Reached skill level 1 in Short Blades
  5020 | D:5      | Reached XP level 7. HP: 45/45 MP: 7/7
  5425 | D:5      | Reached skill level 5 in Shields
  5770 | D:5      | Noticed a yak
  5780 | D:5      | Killed a yak
  5781 | D:5      | Reached XP level 8. HP: 51/51 MP: 8/8
  6152 | D:6      | Noticed Sigmund
  6172 | D:6      | Reached skill level 5 in Short Blades
  6239 | D:6      | Found a runed translucent door.
  6239 | D:6      | Noticed Syrassil's ghost (novice DgGl)
  6366 | D:6      | Found a shimmering blue altar of Sif Muna.
  6505 | D:7      | Reached XP level 9. HP: 58/58 MP: 9/9
  6940 | D:7      | Reached skill level 5 in Dodging
  7024 | D:7      | Found a runed translucent door.
  7025 | D:7      | Noticed Crazy Yiuf
  7500 | D:8      | Found Rutaogim's Weapon Boutique.
  7511 | D:8      | Found Xuhofuaf's Antique Weapon Shoppe.
  7599 | D:8      | Found Luaz Bih's Magic Scroll Emporium.
  7604 | D:8      | Bought a scroll of fear for 60 gold pieces
  7682 | D:8      | Noticed Joseph
  7738 | D:8      | Killed Joseph
  7739 | D:8      | Reached XP level 10. HP: 16/65 MP: 10/10
  7823 | D:8      | Found Gappoec's Assorted Antiques.
  7939 | D:8      | Found a staircase to the Lair.
  8097 | D:8      | Reached skill level 5 in Fighting
  8776 | D:9      | Noticed a two-headed ogre
  8823 | D:9      | Killed a two-headed ogre
  8894 | D:10     | Entered Level 10 of the Dungeon
  8901 | D:10     | Found a runed translucent door.
  9003 | D:10     | Found a sparkling altar of Nemelex Xobeh.
  9026 | D:10     | Reached skill level 5 in Shapeshifting
  9055 | D:10     | Found a basalt altar of Yredelemnul.
  9117 | D:10     | Noticed a two-headed ogre
  9122 | D:10     | Killed a two-headed ogre
  9123 | D:10     | Reached XP level 11. HP: 53/72 MP: 11/11
  9503 | D:11     | Noticed a cyclops
  9518 | D:11     | Killed a cyclops
  9567 | D:11     | Found a staircase to the Orcish Mines.
  9588 | D:11     | Noticed a two-headed ogre
  9593 | D:11     | Killed a two-headed ogre
  9878 | D:11     | Noticed a cyclops
  9881 | D:11     | Killed a cyclops
  9900 | D:11     | Noticed a two-headed ogre
  9907 | D:11     | Killed a two-headed ogre
  9973 | D:11     | Reached skill level 10 in Shields
 10215 | D:11     | Noticed a cyan ugly thing
 10220 | D:11     | Killed a cyan ugly thing
 10342 | D:4      | Killed Syrassil's ghost
 10710 | D:8      | Found an ornate altar of the Wu Jian Council.
 10710 | D:8      | Found an opulent altar of Gozag.
 10713 | D:8      | Found a radiant altar of Vehumet.
 10728 | D:8      | Became a worshipper of the Wu Jian Council
 10783 | D:12     | Noticed a wizard
 10786 | D:12     | Killed a wizard
 10787 | D:12     | Reached XP level 12. HP: 79/79 MP: 12/12
 11427 | D:13     | Noticed Maurice
 11443 | D:13     | Killed Maurice
 11464 | D:13     | Noticed an eight-headed hydra
 11469 | D:13     | Killed an eight-headed hydra
 11599 | D:13     | Reached skill level 10 in Short Blades
 11599 | D:13     | Reached skill level 10 in Dodging
 11599 | D:13     | Noticed an ettin
 11633 | D:13     | Killed an ettin
 11769 | D:13     | Found a gate to the Vaults.
 11942 | D:13     | Noticed a boulder beetle
 11950 | D:13     | Killed a boulder beetle
 12000 | D:13     | Noticed a boulder beetle
 12014 | D:13     | Killed a boulder beetle
 12054 | D:13     | Noticed a centaur warrior
 12060 | D:13     | Killed a centaur warrior
 12221 | D:13     | Noticed a tengu warrior
 12227 | D:13     | Killed a tengu warrior
 12332 | D:14     | Noticed a centaur warrior
 12432 | D:14     | Killed a centaur warrior
 12451 | D:14     | Noticed a centaur warrior
 12474 | D:14     | Killed a centaur warrior
 12474 | D:14     | Reached * piety under Wu Jian
 12591 | D:14     | Reached XP level 13. HP: 88/88 MP: 13/13
 12969 | D:14     | Noticed Lodul
 13297 | D:14     | Found Qurom's Armour Boutique.
 13555 | D:14     | Killed Lodul
 13583 | D:15     | Entered Level 15 of the Dungeon
 13732 | Lair:1   | Entered Level 1 of the Lair of Beasts
 13908 | Lair:1   | Reached ** piety under Wu Jian
 14117 | D:8      | Bought a scroll of identify for 30 gold pieces
 14117 | D:8      | Bought a scroll of identify for 30 gold pieces
 14117 | D:8      | Bought a scroll of identify for 30 gold pieces
 14203 | Lair:1   | Identified the +2 falchion "Wutuigg" {heavy, rC+ rCorr
                  | Int+2}
 14643 | Lair:2   | Found a frozen archway.
 14654 | IceCv    | Entered an ice cave
 14837 | IceCv    | Reached *** piety under Wu Jian
 14843 | IceCv    | Reached XP level 14. HP: 15/97 MP: 14/14
 14937 | IceCv    | Noticed a reaper
 14990 | IceCv    | Killed a reaper
 15702 | Lair:2   | Reached skill level 10 in Fighting
 16347 | Lair:3   | Found a gate leading to a gauntlet.
 16360 | Gauntlet | Entered a Gauntlet
 16360 | Gauntlet | Found a transporter.
 16360 | Gauntlet | Found a transporter.
 16364 | Gauntlet | Found a transporter.
 16375 | Gauntlet | Found a transporter.
 16382 | Gauntlet | Found a transporter.
 16392 | Gauntlet | Found a transporter.
 16392 | Gauntlet | Found a transporter.
 16395 | Gauntlet | Found a transporter.
 16422 | Gauntlet | Found a transporter.
 16429 | Gauntlet | Found a transporter.
 16438 | Gauntlet | Found a transporter.
 16447 | Gauntlet | Found a transporter.
 16493 | Gauntlet | Found a transporter.
 16507 | Gauntlet | Found a transporter.
 16607 | Gauntlet | Found a transporter.
 16629 | Gauntlet | Found a transporter.
 16770 | Gauntlet | Reached **** piety under Wu Jian
 16852 | Gauntlet | Identified the ring "Qinorch" {*Slow rElec Will- rCorr
                  | Str+8}
 16871 | Gauntlet | Identified the staff "Goroz" {rPois rF+ Will+ Str+4 Dex+3
                  | Fire}
 16920 | Lair:3   | Reached skill level 1 in Evocations
 17012 | Lair:3   | Found a staircase to the Snake Pit.
 17256 | Lair:3   | Found a staircase to the Swamp.
 17351 | Lair:3   | Reached ***** piety under Wu Jian
 17684 | Lair:3   | Reached skill level 5 in Evocations
 17953 | Lair:4   | Reached XP level 15. HP: 103/103 MP: 15/15
 18487 | Lair:5   | Entered Level 5 of the Lair of Beasts
 18549 | Lair:5   | Found a staircase to the Slime Pits.
 19297 | Lair:5   | Reached skill level 15 in Dodging
 19337 | Lair:5   | Identified the +9 halberd "Etaul Ygasiph" {flame, rN+
                  | Str+3}
 19640 | D:15     | Found a staircase to the Depths.
 19701 | D:15     | Noticed Louise
 19712 | D:15     | Killed Louise
 20046 | D:15     | Found an ornate altar of the Wu Jian Council.
 20232 | D:15     | Noticed Roxanne
 20672 | Orc:1    | Entered Level 1 of the Orcish Mines
 20859 | Orc:1    | Paralysed by an orc sorcerer for 4 turns
 20877 | Orc:1    | Noticed an orc warlord
 20896 | Orc:1    | Killed an orc warlord
 20924 | Orc:1    | Found a runed translucent door.
 20927 | Orc:1    | Noticed a balrug
 20930 | Orc:1    | Killed a balrug
 21053 | Orc:1    | Reached XP level 16. HP: 111/111 MP: 16/16
 21253 | Orc:2    | Entered Level 2 of the Orcish Mines
 21253 | Orc:2    | Found Hiamea's General Store.
 21255 | Orc:2    | Found Loanoala's Antique Armour Shop.
 21255 | Orc:2    | Found Ohoafime's Jewellery Boutique.
 21279 | Orc:2    | Found Siegir's General Store.
 21304 | Orc:2    | Found Qofuulem's Distillery.
 21321 | Orc:2    | Bought a potion of mutation for 136 gold pieces
 21321 | Orc:2    | Bought a potion of haste for 170 gold pieces
 21321 | Orc:2    | Bought 2 potions of attraction for 102 gold pieces
 21335 | Orc:2    | Bought a scroll of teleportation for 48 gold pieces
 21371 | Orc:2    | Found Honiyff's Magic Scroll Shoppe.
 21377 | Orc:2    | Bought a scroll of blinking for 97 gold pieces
 21400 | Orc:2    | Found a runed translucent gate.
 21400 | Orc:2    | Found a runed translucent gate.
 21400 | Orc:2    | Found a runed translucent gate.
 21409 | Orc:2    | Noticed AceOff's ghost (journeyman DsFi)
 21498 | Orc:2    | Bought a +5 ring of evasion for 504 gold pieces
 21499 | Orc:2    | Bought the ring of Uskayaw's Benevolence {Will+ Int+6
                  | Slay+2 SInv Stlth-} for 837 gold pieces
 21526 | Orc:2    | Found Zyor Xys's Antique Weapon Shoppe.
 21527 | Orc:2    | Found a staircase to the Elven Halls.
 21736 | Orc:2    | Found Jimuibre's Jewellery Boutique.
 22218 | Swamp:1  | Entered Level 1 of the Swamp
 22445 | Swamp:1  | Found a runed translucent gate.
 22446 | Swamp:1  | Found a runed translucent gate.
 22447 | Swamp:1  | Found a runed translucent gate.
 22448 | Swamp:1  | Noticed AppleFox63's ghost (adept DEAE)
 22529 | Swamp:1  | Noticed Ricegish's ghost (adept GnFi)
 22530 | Swamp:1  | Noticed Zenkrye's ghost (adept HOFi)
 22530 | Swamp:1  | Noticed Suryr's ghost (adept GnHW)
 22531 | Swamp:1  | Noticed Ywiyc's ghost (journeyman MeFi)
 22900 | Swamp:2  | Reached skill level 10 in Shapeshifting
 23611 | Swamp:3  | Noticed Jorgrun
 23616 | Swamp:3  | Killed Jorgrun
 23641 | Swamp:3  | Noticed a fenstrider witch
 23648 | Swamp:3  | Killed a fenstrider witch
 23702 | Swamp:3  | Reached XP level 17. HP: 123/123 MP: 17/17
 24121 | Swamp:4  | Entered Level 4 of the Swamp
 24217 | Swamp:4  | Identified the +7 whip "Siemaz" {venom, rN+ Int+3}
 24589 | Swamp:4  | Got a decaying rune of Zot
 24864 | Snake:1  | Entered Level 1 of the Snake Pit
 24937 | Snake:1  | Found a flickering gateway to a bazaar.
 24954 | Bazaar   | Entered a bazaar
 24954 | Bazaar   | Found Ypsav's Antique Armour Boutique.
 24954 | Bazaar   | Found Cedoec's Book Shop.
 24954 | Bazaar   | Found Efeul's Jewellery Boutique.
 24954 | Bazaar   | Found Mothre's Distillery.
 24954 | Bazaar   | Found Meijas's Jewellery Boutique.
 25010 | Bazaar   | Bought a potion of cancellation for 88 gold pieces
 25010 | Bazaar   | Bought a potion of haste for 110 gold pieces
 25010 | Bazaar   | Bought a potion of mutation for 88 gold pieces
 25010 | Bazaar   | Bought a potion of might for 44 gold pieces
 25010 | Bazaar   | Bought a potion of might for 44 gold pieces
 25010 | Bazaar   | Bought a potion of invisibility for 88 gold pieces
 25016 | Bazaar   | Bought a +6 ring of dexterity for 468 gold pieces
 25023 | Bazaar   | Bought a +6 ring of dexterity for 468 gold pieces
 25770 | Snake:2  | Reached XP level 18. HP: 121/131 MP: 18/18
 25785 | Snake:2  | Reached skill level 15 in Shapeshifting
 26074 | Snake:3  | Reached ****** piety under Wu Jian
 26325 | Snake:3  | Noticed Azrael
 26329 | Snake:3  | Killed Azrael
 26477 | Snake:3  | Found a runed translucent door.
 26477 | Snake:3  | Found a shimmering altar of Xom.
 26477 | Snake:3  | Noticed JaaP's ghost (adept MiFi)
 26713 | Snake:3  | Killed JaaP's ghost
 26929 | Snake:4  | Entered Level 4 of the Snake Pit
 27174 | Snake:4  | Reached skill level 15 in Shields
 27181 | Snake:4  | Reached XP level 19. HP: 136/136 MP: 19/19
 27733 | Snake:4  | Got a serpentine rune of Zot
 28030 | Vaults:1 | Entered Level 1 of the Vaults
 28127 | Vaults:1 | Reached skill level 15 in Fighting
 28202 | Vaults:1 | Noticed Norris
 28216 | Vaults:1 | Killed Norris
 28860 | Vaults:1 | Found a runed translucent gate.
 28860 | Vaults:1 | Found a runed translucent gate.
 28860 | Vaults:1 | Found a runed translucent gate.
 28860 | Vaults:1 | Found an ancient bone altar of Kikubaaqudgha.
 28860 | Vaults:1 | Noticed Ciotsan's ghost (adept FeIE)
 28860 | Vaults:1 | Noticed an ancient lich
 28860 | Vaults:1 | Noticed an ancient lich
 29229 | Depths:1 | Entered Level 1 of the Depths
 29346 | Depths:1 | Reached XP level 20. HP: 148/148 MP: 20/20
 29445 | Depths:1 | Found a gateway to Hell.
 29545 | Depths:1 | Found a one-way gate to the infinite horrors of the Abyss.
 29969 | Depths:2 | Found a one-way gate leading to the halls of Pandemonium.
 29974 | Depths:2 | Found Peovvuy's Assorted Antiques.
 30076 | Depths:2 | Noticed a doom hound
 30079 | Depths:2 | Noticed Grunn
 30079 | Depths:2 | Noticed a doom hound
 30080 | Depths:2 | Killed a doom hound
 30083 | Depths:2 | Noticed a doom hound
 30084 | Depths:2 | Noticed a Tzitzimitl
 30086 | Depths:2 | Noticed a bone dragon
 30086 | Depths:2 | Killed a Tzitzimitl
 30088 | Depths:2 | Killed a doom hound
 30089 | Depths:2 | Killed a doom hound
 30097 | Depths:2 | Killed Grunn
 30098 | Depths:2 | Noticed Aizul
 30100 | Depths:2 | Killed a bone dragon
 30102 | Depths:2 | Killed Aizul
 30478 | Depths:2 | Got a sooty book
 30834 | Depths:3 | Found a transporter.
 30889 | Depths:3 | Noticed a caustic shrike
 30890 | Depths:3 | Noticed a dread lich
 30907 | Depths:3 | Found a transporter.
 30907 | Depths:3 | Found a transporter.
 30921 | Depths:3 | Found a transporter.
 30966 | Depths:3 | Found a transporter.
 30987 | Depths:3 | Found a gateway to a bazaar.
 31061 | Depths:3 | Reached XP level 21. HP: 158/158 MP: 21/21
 31118 | Depths:3 | Acquired 741 gold pieces
 31122 | Depths:3 | Found Xizeuzo's Serpentskin Sales.
 31343 | Depths:3 | Found a runed translucent gate.
 31343 | Depths:3 | Found a runed translucent gate.
 31343 | Depths:3 | Found a runed translucent gate.
 31343 | Depths:3 | Noticed Gaexku's ghost (veteran DrSh)
 31391 | Depths:3 | Killed Gaexku's ghost
 31398 | Depths:3 | Identified the +0 hat "Eczuscha" {Fly rF- Str+8 Slay-2}
 31660 | Vaults:1 | Killed an ancient lich
 31668 | Vaults:1 | Killed an ancient lich
 31675 | Vaults:1 | Killed Ciotsan's ghost
 31689 | Vaults:1 | Identified the ring of Muczeocsev {rElec rN+ rCorr Dex+5}
 31704 | Vaults:1 | Got a blackened book
 31849 | Vaults:2 | Noticed Sojobo
 31855 | Vaults:2 | Killed Sojobo
 32687 | Vaults:5 | Entered Level 5 of the Vaults
 32704 | Vaults:5 | Reached XP level 22. HP: 167/167 MP: 22/22
 32749 | Vaults:5 | Noticed a golden dragon
 32754 | Vaults:5 | Killed a golden dragon
 32770 | Vaults:5 | Identified the +2 leather armour of the Pits of Slime
                  | {Stlth+}
 32776 | Vaults:5 | Found the +3 warlock's mirror {omnireflect}
 32783 | Vaults:5 | Got a silver rune of Zot
 33142 | Depths:4 | Entered Level 4 of the Depths
 33317 | Depths:4 | Noticed a golden dragon
 33321 | Depths:4 | Found a gate to the Realm of Zot.
 33326 | Depths:4 | Killed a golden dragon
 33339 | Zot:1    | Entered Level 1 of the Realm of Zot
 33542 | Zot:5    | Entered Level 5 of the Realm of Zot
 33673 | Zot:5    | Noticed a curse toe
 33676 | Zot:5    | Reached XP level 23. HP: 133/176 MP: 23/23
 33684 | Zot:5    | Killed a curse toe
 34126 | Zot:5    | Noticed a dread lich
 34127 | Zot:5    | Killed a dread lich
 34134 | Zot:5    | Noticed an orb of fire
 34135 | Zot:5    | Noticed a Killer Klown
 34137 | Zot:5    | Killed a Killer Klown
 34137 | Zot:5    | Gained mutation: You are clumsy. (Dex -2) [an orb of fire]
 34137 | Zot:5    | Noticed an orb of fire
 34137 | Zot:5    | Gained mutation: You occasionally lose the ability to read
                  | scrolls when taking damage. [an orb of fire]
 34139 | Zot:5    | Noticed a Killer Klown
 34140 | Zot:5    | Killed an orb of fire
 34140 | Zot:5    | Killed an orb of fire
 34142 | Zot:5    | Killed a Killer Klown
 34156 | Zot:5    | Noticed an orb of fire
 34159 | Zot:5    | Noticed a Killer Klown
 34159 | Zot:5    | Noticed a Killer Klown
 34160 | Zot:5    | Noticed an orb of fire
 34162 | Zot:5    | Noticed a Killer Klown
 34162 | Zot:5    | Noticed a Killer Klown
 34167 | Zot:5    | Killed a Killer Klown
 34168 | Zot:5    | Killed a Killer Klown
 34168 | Zot:5    | Killed a Killer Klown
 34168 | Zot:5    | Gained mutation: Your muscles are strong. (Str +4, Int/Dex
                  | -1) [an orb of fire]
 34169 | Zot:5    | Lost mutation: You are clumsy. (Dex -2) [an orb of fire]
 34171 | Zot:5    | Killed an orb of fire
 34173 | Zot:5    | Killed an orb of fire
 34176 | Zot:5    | Killed a Killer Klown
 34212 | Zot:5    | Noticed a dread lich
 34216 | Zot:5    | Paralysed by a dread lich for 4 turns
 34220 | Zot:5    | Killed a dread lich
 34631 | Zot:5    | Got the Orb of Zot
 34676 | Zot:3    | Noticed an orb of fire
 34680 | Zot:3    | Gained mutation: You are clumsy. (Dex -2) [an orb of fire]
 34731 | Zot:1    | Noticed Vuufonem the pandemonium lord
 34742 | Zot:1    | Killed Vuufonem the pandemonium lord
 34842 | Depths:3 | Reached XP level 24. HP: 183/183 MP: 23/23
 34863 | Depths:2 | Noticed Xeiropp the pandemonium lord
 34871 | Depths:2 | Killed Xeiropp the pandemonium lord
 34943 | D:15     | Noticed Meddife the pandemonium lord
 35151 | D:2      | Noticed Dulet the pandemonium lord
 35158 | D:2      | Killed Dulet the pandemonium lord
 35205 | D:1      | gg
 35206 | D:$      | Escaped with the Orb!

Illustrated notes

....................# #.##.######
.##########...#####.###.##.##....
...........................##.###
..#################.###.#####.#
....................###.## #.#
#..####..................####.###
##.# #.#####.#####......##......
#.# #.#...#.#...#......##...)..
#.####.#.>.#.'.8.#.)....##......
#.#....#...#.#...#......##......
#...##.##'##.#####.#.#.###......
##..##...............#.# #......
##.#..#####.##'##.###.# #......
#....#...#.#...#.# #.# ###....
#..#.#...'.#...#.###.#########
#####...#...#.#...#..............
........#####.#####.#...#########


Turn 35205 on D:1: gg

Levels and vault maps discovered:
D:1:      minmay_arrival_four_houses, layout_basic
D:2:      layout_basic, basic_altar, ebering_ecumenical_altar_abandoned,
          nicolae_eternal_life, uniq_jessica
D:3:      layout_loops_corners, nicolae_hepliaklqana_hazy_memory
D:4:      cheibrodos_old_hovel, layout_basic, minmay_temple_entry_antechambers,
          serial_shops, shop, biasface_ghost_orc_armoury,
          nicolae_nh_oracle_at_delphi
D:5:      layout_basic, serial_shops, shop, hex_intersection,
          corexii_corridor_pit, minmay_manual_mess
D:6:      layout_basic, led_sif_pool, gammafunk_ghost_grave, uniq_sigmund
D:7:      layout_basic, uniq_crazy_yiuf_cottage
D:8:      layout_gridville, nicolae_overflow_hidden_temple,
          minmay_lair_entry_grove, serial_shops, shop,
          nicolae_shop_competitors_out_of_business, shop,
          nicolae_shop_just_a_little_nook, uniq_joseph
D:9:      layout_basic
D:10:     layout_basic, nemelex_altar_shiori, dk_yredelemnul_ordeal
D:11:     layout_gridville, orc_0_dummy
D:12:     layout_basic, chequers_serial_rivers_small_b
D:13:     cheibrodos_statue_roulette, layout_long_grid, david_vaults_4,
          uniq_maurice
D:14:     layout_long_grid, serial_shops, nicolae_inconvenience_store,
          serial_park_fountain, uniq_lodul
D:15:     gammafunk_depths_entry_grave, layout_long_grid,
          chequers_decorated_corner, pdpol_wu_jian_five_deadly_venoms,
          uniq_roxanne, uniq_louise
Temple:   nicolae_temple_bog_church
Lair:1:   layout_regular_city, minivault_11
Lair:2:   layout_layer_cave, portal_ice_cave_rime, grunt_megastairs_1
Lair:3:   layout_loops_ring, swamp_mist, guppyfry_snake_entry_garden,
          gauntlet_entry_generic, infiniplex_staircase_pool_2,
          grunt_megastairs_3
Lair:4:   layout_gridlike
Lair:5:   grunt_lair_end_beastmaster, layout_gridlike,
          nicolae_slime_entry_field_trip, infiniplex_staircase_pool
Swamp:1:  layout_basic_swamp, gammafunk_ghost_cemetery,
          evilmike_swamp_ruin_wall, swamp_pool3, hangedman_swamp_dais
Swamp:2:  layout_falls_marsh, evilmike_swamp_ruin_house_6,
          nicolae_swamp_catching_bugs
Swamp:3:  layout_basic_swamp, evilmike_swamp_ruin_rubble_1, uniq_jorgrun
Swamp:4:  swamp_basic_johnstein, layout_basic_swamp, swamp_pool3
Snake:1:  layout_onion, serial_shops, freezing_bzr, nicolae_snake_bzzzt
Snake:2:  layout_onion_interference
Snake:3:  layout_misc_corridors, ebering_ghost_xom, uniq_azrael
Snake:4:  hellmonk_snake_rune_quicksilver_temple, layout_gridlike
Orc:1:    dreamdust_dug_too_deep, layout_diamond_mine
Orc:2:    grunt_orc_gardens, layout_caves, grunt_orc_garden, grunt_orc_garden,
          grunt_orc_garden, grunt_orc_garden, serial_shops, nicolae_shop_stone,
          shop, shop, nicolae_shop_pleasant_corner_grove,
          gammafunk_ghost_necromancy, nicolae_orc_damp_corner,
          david_defended_altar_orc
Vaults:1: gammafunk_ghost_crypt, v_misc_4, grunt_vaults_hallway_long,
          nicolae_vaults_yaktaur_gun_rack, hangedman_vaults_nails,
          nicolae_vaults_three_branches, nicolae_vaults_storage_room_statues,
          ontoclasm_vaults_spin, v_misc_14, v_rooms_6, v_misc_13, v_misc_25,
          hangedman_vaults_corner_blocks, layout_vaults_omnibox, uniq_norris
Vaults:2: gammafunk_ghost_fury_of_okawaru, nicolae_vaults_security_offices_2,
          dpeg_vaults_monster_row, ontoclasm_vaults_misaligned,
          nicolae_vaults_tangram_2, nicolae_vaults_offset_grid_hallway_3,
          hangedman_vaults_pinch, ontoclasm_vaults_pinch,
          nicolae_vaults_trapezoid_lopsided_1, nicolae_vaults_house_2,
          hangedman_vaults_cutoff, nicolae_vaults_mitosis,
          hangedman_vaults_corner_blocks, layout_vaults_omnicross, uniq_sojobo
Vaults:3: nicolae_vaults_circle_grid_b, nicolae_vaults_shrinking_rooms_1,
          vaults_mumra_minichess, hangedman_vaults_locks,
          nicolae_vaults_door_testing_chamber, v_misc_18,
          nicolae_vaults_variable_pillar_hall, nicolae_vaults_trapezoid_1,
          dpeg_vaults_monster_box, vaults_dpeg_ring, nicolae_vaults_house_2,
          layout_vaults_chaotic_city, minmay_crypt_entry_simple_plaza,
          uniq_margery
Vaults:4: vaults_standard_mumra_lines, st_cells, v_misc_26,
          nicolae_vaults_shelves_hall, nicolae_vaults_ring_of_whatevers,
          v_rooms_4, hangedman_vaults_slice, vaults_room_hallway,
          nicolae_vaults_big_ls, nicolae_vaults_sightless_eye,
          nicolae_vaults_diamond_1, nicolae_vaults_shelves_hall,
          layout_vaults_omnigrid, uniq_zenata
Vaults:5: uniq_mara, uniq_boris
Depths:1: layout_honeycomb, hell_entry, abyss_entry,
          ebering_dispersal_statue_hall, kennysheep_potato, serial_bayou_shore_a
Depths:2: kennysheep_bubbly, layout_honeycomb, nicolae_benzene_ring, pan_entry,
          pf_hell_entry_tar_spiral, abyss_entry, serial_shops, shop,
          minmay_staircase_statues, uniq_grunn, uniq_aizul
Depths:3: gammafunk_the_bubble [the_bubble_gammafunk_roulette],
          layout_cave_pools, hell_entry, abyss_entry, pan_entry,
          biasface_ghost_demon_polymorph, serial_shops, statue_bzr,
          guppyfry_shop_venom
Depths:4: grunt_zot_entry_gee_three, layout_small_grid, enter_ziggurat_f,
          elyvilon_altar_5, hellmouth_1, abyss_entry
Zot:1:    layout_cathedral_of_symmetry
Zot:2:    layout_cellular_growth, uniq_tiamat
Zot:3:    layout_misc_corridors, hangedman_zot_decor_checkerboard,
          grunt_megastairs_4, uniq_parghit
Zot:4:    layout_onion_interference, chequers_guarded_unrand_mask_of_the_dragon
Zot:5:    layout_gridlike, lemuel_flame_loot_1

Skill      XL: |  1  2  3  4  5  6  7  8  9 10 11 12 13 14 15 16 17 18 19 20 21 22 23 24 |
---------------+-------------------------------------------------------------------------+-----
Unarmed Combat | 4 5 |  5.4
Shields        | 2 4 5 6 8 9 10 11 12 15 18 19 | 19.5
Fighting       | 2 4 6 7 9 10 13 14 16 17 18 20 | 20.0
Short Blades   | 1 4 5 6 7 9 10 11 12 14 | 14.0
Dodging        | 4 6 7 9 11 12 14 15 17 18 19 20 | 20.0
Shapeshifting  | 5 6 7 8 11 14 16 17 19 20 | 20.0
Evocations     | 5 8 |  8.0

Action                     |  1- 3 |  4- 6 |  7- 9 | 10-12 | 13-15 | 16-18 | 19-21 | 22-24 || total
---------------------------+-------+-------+-------+-------+-------+-------+-------+-------++-------
  Melee: Unarmed           |    44 |   107 |    28 |       |       |       |       |       ||   179
         Constrict         |    16 |    33 |    36 |    52 |   140 |   158 |   157 |   116 ||   708
         Tentacles         |    10 |    22 |    55 |   129 |   440 |   486 |   608 |   353 ||  2103
         Punch             |     1 |     3 |    14 |    24 |   111 |    91 |   139 |    66 ||   449
         Quick blade       |       |       |   161 |   390 |  1334 |  1764 |  1699 |  1182 ||  6530
  Throw: Dart              |       |       |       |     6 |     1 |       |       |       ||     7
 Invoke: Serpent's Lash    |       |       |       |       |     9 |    30 |     2 |    10 ||    51
         Heavenly Storm    |       |       |       |       |     1 |     1 |     2 |     1 ||     5
Ability: Lunge             |       |       |       |     9 |    64 |   116 |    64 |    33 ||   286
         Whirlwind         |       |       |       |       |    38 |   287 |   121 |   231 ||   677
  Evoke: Wand              |       |       |       |     1 |     1 |     4 |       |       ||     6
         Lightning rod     |       |       |       |     1 |       |       |       |       ||     1
         Phial of floods   |       |       |       |       |     1 |     1 |       |       ||     2
         Box of beasts     |       |       |       |       |       |     1 |       |       ||     1
    Use: Potion            |     1 |       |       |       |     1 |     1 |     2 |     6 ||    11
         Scroll            |       |    16 |     7 |       |    11 |     7 |     3 |     9 ||    53
   Stab: Sleeping          |     4 |    13 |     6 |     9 |    18 |     7 |     5 |     3 ||    65
         Distracted        |       |       |       |       |     3 |     2 |     3 |     1 ||     9
         Petrified         |       |       |       |       |     3 |       |       |       ||     3
         Confused          |       |       |       |       |       |     2 |       |       ||     2
 Armour: Skin              |    20 |    29 |    49 |    60 |   137 |   201 |   184 |   122 ||   802
  Dodge: Dodged            |    24 |    35 |    46 |    81 |   228 |   402 |   837 |   407 ||  2060
  Block: Kite shield       |       |    41 |    96 |   145 |   326 |   432 |   865 |   384 ||  2289
   Form: Statue            |       |       |       |       |       |     1 |       |       ||     1

Table legend: (Time is in decaauts)
 A = Elapsed time spent in this place.
 B = Non-inter-level travel time spent in this place.
 C = Inter-level travel time spent in this place.
 D = Time resting spent in this place.
 E = Time spent auto-exploring this place.
 F = Levels seen in this place.
 G = Mean time per level.
                   A        B        C        D        E       F      G
               +--------+--------+--------+--------+--------+-----+--------+
         Total |  38774 |  34108 |   4666 |   2709 |  22544 |  48 |  807.8 |
       Dungeon |  16017 |  13660 |   2357 |   1416 |   9350 |  15 | 1067.8 |
        Temple |      1 |      1 |      0 |      0 |      0 |   1 |    1.0 |
          Lair |   4655 |   4143 |    512 |    141 |   3167 |   5 |  931.0 |
         Swamp |   2599 |   2426 |    173 |    344 |   1414 |   4 |  649.8 |
     Snake Pit |   3372 |   3039 |    333 |    282 |   1719 |   4 |  843.0 |
  Orcish Mines |   1400 |   1307 |     93 |      0 |   1022 |   2 |  700.0 |
        Vaults |   3627 |   3096 |    531 |      0 |   2137 |   5 |  725.4 |
        Depths |   3809 |   3421 |    388 |      6 |   2357 |   4 |  952.2 |
           Zot |   1992 |   1716 |    276 |    238 |    889 |   5 |  398.4 |
        Bazaar |     83 |     83 |      0 |     44 |     16 |   1 |   83.0 |
      Ice Cave |    708 |    708 |      0 |    237 |    202 |   1 |  708.0 |
      Gauntlet |    505 |    505 |      0 |      0 |    270 |   1 |  505.0 |
               +--------+--------+--------+--------+--------+-----+--------+

Top non-repeatable levels by time:
     D:4: 2298 daAuts
Vaults:1: 1836 daAuts
   Zot:5: 1583 daAuts
Depths:2: 1501 daAuts
    D:14: 1496 daAuts
    D:13: 1389 daAuts
 Snake:4: 1270 daAuts
     D:7: 1185 daAuts
  Lair:2: 1157 daAuts
  Lair:3: 1137 daAuts
     D:2: 1116 daAuts
     D:5: 1078 daAuts
     D:1: 1038 daAuts
Depths:1: 1033 daAuts
    D:11: 999 daAuts
